EL
TRENTON THUNDER @ ARKANSAS TRAVELERS
07/23/2048
 
TOP OF THE 1ST
Trenton Thunder batting - Pitching for Arkansas Travelers : RHP Bartholomeu Voivodic
Pitching: RHP Bartholomeu Voivodic
Batting: RHB Bryan Westray 0-0: Ball
1-0: Ball
2-0: Reached on error, E3 (Groundball, 34, EV 88.1 MPH)
Batting: RHB Tim Osborn 0-0: Ball
1-0: Called Strike
1-1: Ball
2-1: Called Strike
2-2: Grounds into double play, 2-6-3 (Groundball, 2R, EV 71.2 MPH)
Batting: LHB Jared Zulkowski 0-0: Called Strike
0-1: Ball
1-1: Ball
2-1: Swinging Strike
2-2: Ball
3-2: Foul Ball, location: 2F
3-2: Base on Balls
Batting: SHB Jay Gagnon 0-0: Ball
1-0: Called Strike
1-1: Foul Ball, location: 2F
1-2: Ground out U3 (Groundball, 3, EV 85.6 MPH)
Top of the 1st over - 0 runs, 0 hits, 1 error, 1 left on base; Trenton 0 - Arkansas 0
BOTTOM OF THE 1ST
Arkansas Travelers batting - Pitching for Trenton Thunder : RHP Ken Howington
Pitching: RHP Ken Howington
Batting: RHB Jose Ramirez 0-0: Called Strike
0-1: Ball
1-1: Called Strike
1-2: Strikes out swinging
Batting: RHB Juan Montez 0-0: Fly out, F7 (Flyball, 7D, EV 94.4 MPH)
Batting: SHB Mario Padron 0-0: Fly out, F9 (Flyball, 9, EV 90.0 MPH)
Bottom of the 1st over - 0 runs, 0 hits, 0 errors, 0 left on base; Trenton 0 - Arkansas 0
TOP OF THE 2ND
Trenton Thunder batting - Pitching for Arkansas Travelers : RHP Bartholomeu Voivodic
Batting: RHB Sam Hubbert 0-0: Foul Ball, location: 2F
0-1: Ball
1-1: Fly out, F3 (Popup, 3, EV 75.6 MPH)
Batting: SHB David Stewart 0-0: Ball
1-0: Foul Ball, location: 2F
1-1: Swinging Strike
1-2: Foul Ball, location: 2F
1-2: Ball
2-2: Strikes out swinging
Batting: RHB Javier Umanzor 0-0: Ball
1-0: Foul Ball, location: 2F
1-1: Ball
2-1: Foul Ball, location: 2F
2-2: Foul Ball, location: 2F
2-2: Foul Ball, location: 2F
2-2: Foul Ball, location: 2F
2-2: Fly out, F7 (Flyball, 7D, EV 107.5 MPH)
Top of the 2nd over - 0 runs, 0 hits, 0 errors, 0 left on base; Trenton 0 - Arkansas 0
BOTTOM OF THE 2ND
Arkansas Travelers batting - Pitching for Trenton Thunder : RHP Ken Howington
Batting: LHB Griffin Ferris 0-0: Fly out, F7 (Line Drive, 7S, EV 105.6 MPH)
Batting: RHB Juan Martinez 0-0: Ball
1-0: Called Strike
1-1: Swinging Strike
1-2: SINGLE (Line Drive, 7S, EV 99.4 MPH)
Batting: LHB Justin Balthazor 0-0: Ball
Juan Martinez steals 2nd base
1-0: Ground out 6-3 (Groundball, 6MS, EV 90.6 MPH)
Juan Martinez to third
Batting: RHB Timoleon Tsikouna 0-0: Ball
1-0: SINGLE (Groundball, P, EV 88.8 MPH) (infield hit)
Juan Martinez scores
Batting: RHB Kinya Nishimura 0-0: Called Strike
0-1: Called Strike
0-2: SINGLE (Groundball, 34D, EV 97.5 MPH)
Timoleon Tsikouna to second
Runner from 2nd tries for 3rd, SAFE, throw by RF made to third
Batting: LHB Larry Prey 0-0: Swinging Strike
0-1: Ball
1-1: Called Strike
1-2: Strikes out swinging
Bottom of the 2nd over - 1 run, 3 hits, 0 errors, 2 left on base; Trenton 0 - Arkansas 1
TOP OF THE 3RD
Trenton Thunder batting - Pitching for Arkansas Travelers : RHP Bartholomeu Voivodic
Batting: RHB Christian Shearer 0-0: Foul Ball, location: 2F
0-1: Ball
1-1: Foul Ball, location: 2F
1-2: Ball
2-2: Ball
3-2: Base on Balls
Batting: RHB Roberto Tena 0-0: Called Strike
0-1: SINGLE (Line Drive, 7S, EV 92.5 MPH)
Christian Shearer to second
Batting: RHB Bryan Westray 0-0: SINGLE (Flyball, 8RS, EV 90.0 MPH)
Christian Shearer to third
Roberto Tena to second
Batting: RHB Tim Osborn 0-0: Ball
1-0: Ball
2-0: Called Strike
2-1: Fielders Choice at 2nd, 4-6 (Groundball, 4MD, EV 78.8 MPH)
Christian Shearer scores
Roberto Tena to third
Batting: LHB Jared Zulkowski 0-0: Grounds out, U3 (Groundball, 3L, EV 105.0 MPH)
Roberto Tena scores
Batting: SHB Jay Gagnon 0-0: Ball
1-0: Ball
2-0: Called Strike
2-1: Ball
3-1: Base on Balls
Batting: RHB Sam Hubbert 0-0: TRIPLE (Flyball, 9LD, EV 94.4 MPH)
Tim Osborn scores
Jay Gagnon scores
Batting: SHB David Stewart 0-0: Ball
1-0: Ball
2-0: Called Strike
2-1: Foul Ball, location: 2F
2-2: Fly out, F9 (Flyball, 9S, EV 71.9 MPH)
Top of the 3rd over - 4 runs, 3 hits, 0 errors, 1 left on base; Trenton 4 - Arkansas 1
BOTTOM OF THE 3RD
Arkansas Travelers batting - Pitching for Trenton Thunder : RHP Ken Howington
Batting: RHB Jose Ramirez 0-0: Swinging Strike
0-1: Ball
1-1: Ground out 6-3 (Groundball, 6, EV 86.9 MPH)
Batting: RHB Juan Montez 0-0: Ball
1-0: Swinging Strike
1-1: Ball
2-1: DOUBLE (Flyball, 8LXD, EV 98.1 MPH)
Batting: SHB Mario Padron 0-0: Ball
1-0: Ground out 4-3 (Groundball, 4, EV 81.2 MPH)
Juan Montez to third
Batting: LHB Griffin Ferris 0-0: Called Strike
0-1: Ball
1-1: Foul Ball, location: 2F
1-2: Ball
2-2: Foul Ball, location: 2F
2-2: Foul Ball, location: 2F
2-2: Strikes out swinging
Bottom of the 3rd over - 0 runs, 1 hit, 0 errors, 1 left on base; Trenton 4 - Arkansas 1
TOP OF THE 4TH
Trenton Thunder batting - Pitching for Arkansas Travelers : RHP Bartholomeu Voivodic
Batting: RHB Javier Umanzor 0-0: Called Strike
0-1: Fly out, F7 (Flyball, 7D, EV 90.6 MPH)
Batting: RHB Christian Shearer 0-0: Foul Ball, location: 2F
0-1: Ball
1-1: SINGLE (Groundball, 56D, EV 98.8 MPH)
Batting: RHB Roberto Tena 0-0: Foul Ball, location: 2F
0-1: Ball
1-1: Fielders Choice at 2nd, 1-4 (Groundball, P, EV 67.5 MPH)
Batting: RHB Bryan Westray 0-0: Ball
1-0: Ball
2-0: Called Strike
2-1: Ground out 5-3 (Groundball, 56S, EV 84.4 MPH)
Top of the 4th over - 0 runs, 1 hit, 0 errors, 1 left on base; Trenton 4 - Arkansas 1
BOTTOM OF THE 4TH
Arkansas Travelers batting - Pitching for Trenton Thunder : RHP Ken Howington
Batting: RHB Juan Martinez 0-0: Swinging Strike
0-1: Fly out, F7 (Line Drive, 7LM, EV 88.1 MPH)
Batting: LHB Justin Balthazor 0-0: Ground out 4-3 (Groundball, 34, EV 88.8 MPH)
Batting: RHB Timoleon Tsikouna 0-0: Ball
1-0: Ball
2-0: Called Strike
2-1: Ball
3-1: Ground out 6-3 (Groundball, 6, EV 107.5 MPH)
Bottom of the 4th over - 0 runs, 0 hits, 0 errors, 0 left on base; Trenton 4 - Arkansas 1
TOP OF THE 5TH
Trenton Thunder batting - Pitching for Arkansas Travelers : RHP Bartholomeu Voivodic
Batting: RHB Tim Osborn 0-0: Called Strike
0-1: Ball
1-1: Swinging Strike
1-2: SINGLE (Groundball, 4M, EV 85.0 MPH) (infield hit)
Batting: LHB Jared Zulkowski 0-0: Ball
1-0: Ball
2-0: Ground out 4-3 (Groundball, 34, EV 91.2 MPH)
Tim Osborn to second
Batting: SHB Jay Gagnon 0-0: Called Strike
0-1: Ball
1-1: Ball
2-1: Foul Ball, location: 2F
2-2: Foul Ball, location: 2F
2-2: Foul Ball, location: 2F
2-2: Ball
3-2: Foul Ball, location: 2F
3-2: Base on Balls
Batting: RHB Sam Hubbert 0-0: SINGLE (Line Drive, 4D, EV 107.5 MPH)
Tim Osborn to third
Jay Gagnon to second
Batting: SHB David Stewart 0-0: Ball
1-0: Called Strike
1-1: Ball
2-1: Ball
3-1: Called Strike
3-2: Reached on error, E4 (Groundball, 4, EV 98.8 MPH)
Tim Osborn scores
Jay Gagnon to third
Sam Hubbert to second
Batting: RHB Javier Umanzor 0-0: Swinging Strike
0-1: Ball
1-1: Called Strike
1-2: Fly out, F6 (Popup, 6MS, EV 85.6 MPH)
Pitching: RHP Jason Smallwood
Batting: RHB Christian Shearer 0-0: GRAND SLAM HOME RUN (Flyball, 7LD, EV 92.5 MPH), Distance : 358 ft
Batting: RHB Roberto Tena 0-0: Called Strike
0-1: SINGLE (Groundball, 6M, EV 103.8 MPH) (infield hit)
Batting: RHB Bryan Westray 0-0: Ball
1-0: Ball
2-0: DOUBLE (Groundball, 5L, EV 96.2 MPH)
Roberto Tena to third
Runner from 3rd tries for Home, SAFE, throw by LF to trailing runner, OUT at third! 7-3-5
Top of the 5th over - 6 runs, 5 hits, 1 error, 0 left on base; Trenton 10 - Arkansas 1
BOTTOM OF THE 5TH
Arkansas Travelers batting - Pitching for Trenton Thunder : RHP Ken Howington
Batting: RHB Kinya Nishimura 0-0: Ball
1-0: Foul Ball, location: 2F
1-1: Ball
2-1: Fly out, F7 (Flyball, 78S, EV 87.5 MPH)
Batting: LHB Larry Prey 0-0: SINGLE (Groundball, 6S, EV 68.8 MPH) (infield hit)
Batting: RHB Jose Ramirez 0-0: Ball
Larry Prey is caught stealing 2nd base 2-4
1-0: Ground out 4-3 (Groundball, 4, EV 77.5 MPH)
Bottom of the 5th over - 0 runs, 1 hit, 0 errors, 0 left on base; Trenton 10 - Arkansas 1
TOP OF THE 6TH
Trenton Thunder batting - Pitching for Arkansas Travelers : RHP Jason Smallwood
Batting: RHB Tim Osborn 0-0: Ball
1-0: DOUBLE (Line Drive, 9LM, EV 96.9 MPH)
Batting: LHB Jared Zulkowski 0-0: Called Strike
0-1: Called Strike
0-2: Foul Ball, location: 2F
0-2: Ground out 6-3 (Groundball, 6, EV 87.5 MPH)
Batting: SHB Jay Gagnon 0-0: Ball
1-0: Ball
2-0: Called Strike
2-1: Ball
3-1: Base on Balls
Pitching: LHP Steve McClain
Batting: RHB Sam Hubbert 0-0: Ball
1-0: Foul Ball, location: 2F
1-1: 3-RUN HOME RUN (Flyball, 9LD, EV 96.9 MPH), Distance : 370 ft
Batting: SHB David Stewart 0-0: Swinging Strike
0-1: Swinging Strike
0-2: Strikes out looking
Batting: RHB Javier Umanzor 0-0: Foul Ball, location: 2F
0-1: Ball
1-1: Ball
2-1: Called Strike
2-2: Ball
3-2: Base on Balls
Batting: RHB Christian Shearer 0-0: Called Strike
0-1: Ball
1-1: Foul Ball, location: 2F
1-2: SINGLE (Line Drive, 7LS, EV 91.9 MPH)
Javier Umanzor to second
Batting: RHB Roberto Tena 0-0: Ball
1-0: Ground out 5-3 (Groundball, 5S, EV 63.8 MPH)
Top of the 6th over - 3 runs, 3 hits, 0 errors, 2 left on base; Trenton 13 - Arkansas 1
BOTTOM OF THE 6TH
Arkansas Travelers batting - Pitching for Trenton Thunder : RHP Ken Howington
Batting: RHB Juan Montez 0-0: Called Strike
0-1: Ball
1-1: Swinging Strike
1-2: Foul Ball, location: 2F
1-2: Ball
2-2: DOUBLE (Line Drive, 3D, EV 95.0 MPH)
Batting: SHB Mario Padron 0-0: Ball
1-0: Fly out, F9 (Flyball, 9D, EV 101.2 MPH)
Runner from 2nd tags up, SAFE at 3rd, no throw by RF
Batting: LHB Griffin Ferris 0-0: Foul Ball, location: 2F
0-1: Ball
1-1: Foul Ball, location: 2F
1-2: SINGLE (Groundball, 4MD, EV 102.5 MPH)
Juan Montez scores
Batting: RHB Juan Martinez 0-0: Ball
1-0: Foul Ball, location: 2F
1-1: Swinging Strike
1-2: Strikes out swinging
Batting: LHB Justin Balthazor 0-0: Foul Ball, location: 2F
0-1: Ball
1-1: Ball
2-1: SINGLE (Line Drive, 89S, EV 99.4 MPH)
Griffin Ferris to second
Runner from 2nd tries for 3rd, SAFE, throw by RF made to third
Batting: RHB Timoleon Tsikouna 0-0: Swinging Strike
0-1: Fly out, F9 (Line Drive, 9, EV 99.4 MPH)
Bottom of the 6th over - 1 run, 3 hits, 0 errors, 2 left on base; Trenton 13 - Arkansas 2
TOP OF THE 7TH
Trenton Thunder batting - Pitching for Arkansas Travelers : LHP Steve McClain
Pinch Hitting: LHB Bart Davies 0-0: Called Strike
0-1: Foul Ball, location: 2F
0-2: Ground out 4-3 (Groundball, 4, EV 103.1 MPH)
Batting: RHB Tim Osborn 0-0: Fly out, F8 (Flyball, 8RD, EV 76.2 MPH)
Batting: LHB Jared Zulkowski 0-0: Ball
1-0: Ball
2-0: Ball
3-0: Swinging Strike
3-1: Called Strike
3-2: Strikes out looking
Top of the 7th over - 0 runs, 0 hits, 0 errors, 0 left on base; Trenton 13 - Arkansas 2
BOTTOM OF THE 7TH
Arkansas Travelers batting - Pitching for Trenton Thunder : RHP Ken Howington
Now in LF: Tim Osborn
Now in CF: Bart Davies
Batting: RHB Kinya Nishimura 0-0: Called Strike
0-1: Foul Ball, location: 2F
0-2: Strikes out swinging
Batting: LHB Larry Prey 0-0: Ground out 1-3 (Groundball, 13S, EV 65.6 MPH)
Batting: RHB Jose Ramirez 0-0: Ball
1-0: Foul Ball, location: 2F
1-1: SINGLE (Line Drive, 78M, EV 101.2 MPH)
Batting: RHB Juan Montez 0-0: DOUBLE (Line Drive, 78D, EV 105.0 MPH)
Jose Ramirez to third
Jose Ramirez scores
Pitching: RHP Joe Shaw
Batting: SHB Mario Padron 0-0: Swinging Strike
0-1: Ball
1-1: Ball
2-1: Ground out 4-3 (Groundball, 4, EV 99.4 MPH)
Bottom of the 7th over - 1 run, 2 hits, 0 errors, 1 left on base; Trenton 13 - Arkansas 3
TOP OF THE 8TH
Trenton Thunder batting - Pitching for Arkansas Travelers : LHP Steve McClain
Pinch Hitting: RHB Greg Harden 0-0: Swinging Strike
0-1: Ball
1-1: Ball
2-1: Called Strike
2-2: Ground out 6-3 (Groundball, 6S, EV 91.9 MPH)
Pinch Hitting: LHB Victor Fiallos 0-0: Ball
1-0: Foul Ball, location: 2F
1-1: SOLO HOME RUN (Flyball, 89XD, EV 101.2 MPH), Distance : 401 ft
Batting: SHB David Stewart 0-0: Called Strike
0-1: Ball
1-1: Foul Ball, location: 2F
1-2: Ball
2-2: Ball
3-2: Reached on error, E4 (Groundball, 4M, EV 101.2 MPH)
Pitching: RHP Jake Bruen
Batting: RHB Javier Umanzor 0-0: Called Strike
0-1: Called Strike
0-2: Grounds into double play, 6-4-3 (Groundball, 6, EV 103.1 MPH)
Top of the 8th over - 1 run, 1 hit, 1 error, 0 left on base; Trenton 14 - Arkansas 3
BOTTOM OF THE 8TH
Arkansas Travelers batting - Pitching for Trenton Thunder : RHP Joe Shaw
Now at 1B: Victor Fiallos
Now in RF: Alex Colon
Batting: LHB Griffin Ferris 0-0: Ball
1-0: Called Strike
1-1: Foul Ball, location: 2F
1-2: Ball
2-2: Ball
3-2: Base on Balls
Pinch Hitting: LHB Mark Reeg 0-0: Fielders Choice at 2nd, 4-6 (Groundball, 13, EV 86.9 MPH)
Batting: LHB Justin Balthazor 0-0: Ball
1-0: Swinging Strike
1-1: SINGLE (Flyball, 56D, EV 91.9 MPH)
Mark Reeg to second
Batting: RHB Timoleon Tsikouna 0-0: Swinging Strike
0-1: Ball
1-1: Foul Ball, location: 2F
1-2: Ball
2-2: Ball
3-2: Foul Ball, location: 2F
3-2: Fielders Choice at 2nd, 3-6 (Groundball, 34S, EV 94.4 MPH)
Mark Reeg to third
Batting: RHB Kinya Nishimura 0-0: Ball
1-0: Ball
2-0: Ball
3-0: Base on Balls
Timoleon Tsikouna to second
Batting: LHB Larry Prey 0-0: Called Strike
0-1: Ball
1-1: SINGLE (Groundball, 34D, EV 97.5 MPH)
Mark Reeg scores
Timoleon Tsikouna to third
Kinya Nishimura to second
Runner from 3rd tries for Home, SAFE, throw by RF to home
Batting: RHB Jose Ramirez 0-0: Fly out, F7 (Line Drive, 7, EV 90.6 MPH)
Bottom of the 8th over - 2 runs, 2 hits, 0 errors, 2 left on base; Trenton 14 - Arkansas 5
TOP OF THE 9TH
Trenton Thunder batting - Pitching for Arkansas Travelers : RHP Jake Bruen
Now in CF: Mark Reeg
Batting: RHB Christian Shearer 0-0: Ball
1-0: Foul Ball, location: 2F
1-1: Foul Ball, location: 2F
1-2: Ball
2-2: Ball
3-2: Ground out 6-3 (Groundball, 6M, EV 88.1 MPH)
Batting: RHB Roberto Tena 0-0: Ball
1-0: Called Strike
1-1: Ball
2-1: Reached on error, E4 (Groundball, 4, EV 97.5 MPH)
Batting: LHB Bart Davies 0-0: Grounds into double play, 4-6-3 (Groundball, 4, EV 80.6 MPH)
Top of the 9th over - 0 runs, 0 hits, 1 error, 0 left on base; Trenton 14 - Arkansas 5
BOTTOM OF THE 9TH
Arkansas Travelers batting - Pitching for Trenton Thunder : RHP Joe Shaw
Batting: RHB Juan Montez 0-0: Ground out 6-3 (Groundball, 6, EV 88.8 MPH)
Batting: SHB Mario Padron 0-0: Ball
1-0: Ball
2-0: Called Strike
2-1: DOUBLE (Line Drive, 78XD, EV 108.8 MPH)
Batting: LHB Griffin Ferris 0-0: Ball
1-0: Ball
2-0: Ball
3-0: Base on Balls
Pitching: LHP Jon Moore
Pinch Hitting: LHB Barrfhionn O'Toole 0-0: Ball
1-0: Called Strike
1-1: Fly out, F5 (Popup, 5SF, EV 70.0 MPH)
Batting: LHB Justin Balthazor 0-0: SINGLE (Flyball, 56D, EV 82.5 MPH)
Mario Padron to third
Griffin Ferris to second
Batting: RHB Timoleon Tsikouna 0-0: Foul Ball, location: 2F
0-1: Ball
1-1: Called Strike
1-2: Ball
2-2: Strikes out swinging
Bottom of the 9th over - 0 runs, 2 hits, 0 errors, 3 left on base; Trenton 14 - Arkansas 5
Tuesday, March 28th , 2023 - OOTP Baseball 23.10 Build 110